TOP OF THE 1ST |
El Paso Chihuahuas batting - Pitching for Gwinnett Braves : RHP Jimmy Tasso
|
Pitching: RHP Jimmy Tasso
|
|
Batting: SHB Steve Killion
|
0-0: Swinging Strike 0-1: Ball 1-1: Foul Ball, location: 2F 1-2: Strikes out swinging
|
Batting: RHB Rudolf Gommers
|
0-0: Ball 1-0: Called Strike 1-1: Ground out 4-3 (Groundball, 4, EV 96.2 MPH)
|
Batting: LHB Conrad Taylor
|
0-0: Ball 1-0: Called Strike 1-1: Swinging Strike 1-2: Ball 2-2: Ball 3-2: Base on Balls
|
Batting: RHB Jeremy Lewis
|
0-0: Foul Ball, location: 2F 0-1: Called Strike 0-2: Ball 1-2: Ball 2-2: Foul Ball, location: 2F 2-2: Ball 3-2: Base on Balls Conrad Taylor to second
|
Batting: RHB Juan Martinez
|
0-0: Called Strike 0-1: Foul Ball, location: 2F 0-2: Ball 1-2: SINGLE (Groundball, 56D, EV 100.6 MPH) Conrad Taylor to third Jeremy Lewis to second Runner from 3rd tries for Home, SAFE, throw by LF to home
|
Batting: RHB Kyle Davis
|
0-0: Ball 1-0: Ball 2-0: SINGLE (Groundball, 56S, EV 68.1 MPH) (infield hit) Jeremy Lewis to third Juan Martinez to second
|
Batting: RHB Rodolfo Rivera
|
0-0: Called Strike 0-1: Fly out, F8 (Line Drive, 8RD, EV 88.1 MPH)
|
Top of the 1st over - 1 run, 2 hits, 0 errors, 3 left on base; El Paso 1 - Gwinnett 0 |
BOTTOM OF THE 1ST |
Gwinnett Braves batting - Pitching for El Paso Chihuahuas : RHP Jorge Guerrero
|
Pitching: RHP Jorge Guerrero
|
|
Batting: RHB Xavier Castellanos
|
0-0: Foul Ball, location: 2F 0-1: SINGLE (Groundball, 34D, EV 104.4 MPH)
|
Batting: LHB Helge Jivotovsky
|
0-0: Called Strike 0-1: Swinging Strike 0-2: Grounds into double play, 4-6-3 (Groundball, 4D, EV 107.5 MPH)
|
Batting: LHB Sam Dowdy
|
0-0: Ground out 4-3 (Groundball, 4M, EV 107.5 MPH)
|
Bottom of the 1st over - 0 runs, 1 hit, 0 errors, 0 left on base; El Paso 1 - Gwinnett 0 |
TOP OF THE 2ND |
El Paso Chihuahuas batting - Pitching for Gwinnett Braves : RHP Jimmy Tasso
|
Batting: RHB Terry Jarrells
|
0-0: Ball 1-0: Ground out 5-3 (Groundball, 56S, EV 78.8 MPH)
|
Batting: LHB Helmut Steggall
|
0-0: Called Strike 0-1: Called Strike 0-2: SINGLE (Groundball, 34S, EV 68.8 MPH) (infield hit)
|
Batting: SHB Steve Killion
|
0-0: Ball 1-0: Swinging Strike 1-1: Foul Ball, location: 2F 1-2: Strikes out swinging
|
Batting: RHB Rudolf Gommers
|
0-0: Fly out, F3 (Popup, 34S, EV 81.9 MPH)
|
Top of the 2nd over - 0 runs, 1 hit, 0 errors, 1 left on base; El Paso 1 - Gwinnett 0 |
BOTTOM OF THE 2ND |
Gwinnett Braves batting - Pitching for El Paso Chihuahuas : RHP Jorge Guerrero
|
Batting: RHB Cole Bittner
|
0-0: Foul Ball, location: 2F 0-1: Ball 1-1: Ball 2-1: Ground out 4-3 (Groundball, 4, EV 81.2 MPH)
|
Batting: RHB Jesse Lester
|
0-0: Ball 1-0: Foul Ball, location: 2F 1-1: Ground out 6-3 (Groundball, 6S, EV 80.6 MPH)
|
Batting: RHB Oscar Fausto
|
0-0: Foul Ball, location: 2F 0-1: Ball 1-1: Swinging Strike 1-2: Strikes out swinging
|
Bottom of the 2nd over - 0 runs, 0 hits, 0 errors, 0 left on base; El Paso 1 - Gwinnett 0 |
TOP OF THE 3RD |
El Paso Chihuahuas batting - Pitching for Gwinnett Braves : RHP Jimmy Tasso
|
Batting: LHB Conrad Taylor
|
0-0: Ball 1-0: Ball 2-0: Ball 3-0: Base on Balls
|
Batting: RHB Jeremy Lewis
|
0-0: Ball 1-0: Ball 2-0: Ball Wild Pitch! Conrad Taylor to second 3-0: Called Strike 3-1: Swinging Strike 3-2: Foul Ball, location: 2F 3-2: Base on Balls
|
Batting: RHB Juan Martinez
|
0-0: Ball 1-0: Called Strike 1-1: Swinging Strike 1-2: Ball 2-2: Foul Ball, location: 2F 2-2: Foul Ball, location: 2F 2-2: Ball 3-2: Fielders Choice at 2nd, 5-4 (Groundball, 56, EV 86.2 MPH) Conrad Taylor to third
|
Batting: RHB Kyle Davis
|
0-0: Called Strike 0-1: Ball Juan Martinez steals 2nd base 1-1: SINGLE (Groundball, 4D, EV 101.9 MPH) Conrad Taylor scores Juan Martinez to third Runner from 3rd tries for Home, SAFE, throw by RF to home
|
Batting: RHB Rodolfo Rivera
|
0-0: Ball 1-0: Foul Ball, location: 2F 1-1: Foul Ball, location: 2F 1-2: Ball 2-2: Fly out, F9 (Flyball, 9S, EV 95.0 MPH)
|
Batting: RHB Terry Jarrells
|
0-0: Called Strike 0-1: Ball 1-1: Ball 2-1: Ball 3-1: Base on Balls Kyle Davis to second
|
Batting: LHB Helmut Steggall
|
0-0: Ball 1-0: Swinging Strike 1-1: Foul Ball, location: 2F 1-2: Strikes out swinging
|
Top of the 3rd over - 2 runs, 1 hit, 0 errors, 2 left on base; El Paso 3 - Gwinnett 0 |
BOTTOM OF THE 3RD |
Gwinnett Braves batting - Pitching for El Paso Chihuahuas : RHP Jorge Guerrero
|
Batting: RHB Neal Tinoco
|
0-0: Ball 1-0: Called Strike 1-1: Ball 2-1: Called Strike 2-2: Ground out 4-3 (Groundball, 34, EV 85.0 MPH)
|
Batting: RHB T.J. Jordan
|
0-0: Ball 1-0: Ball 2-0: Foul Ball, location: 2F 2-1: Ball 3-1: Base on Balls
|
Batting: SHB Tim Rodgers
|
0-0: Fly out, F7 (Flyball, 7D, EV 78.8 MPH)
|
Batting: RHB Xavier Castellanos
|
0-0: Ball 1-0: Swinging Strike 1-1: Swinging Strike 1-2: Ground out 4-3 (Groundball, 34, EV 85.0 MPH)
|
Bottom of the 3rd over - 0 runs, 0 hits, 0 errors, 1 left on base; El Paso 3 - Gwinnett 0 |
TOP OF THE 4TH |
El Paso Chihuahuas batting - Pitching for Gwinnett Braves : RHP Jimmy Tasso
|
Batting: SHB Steve Killion
|
0-0: Called Strike 0-1: Called Strike 0-2: Foul Ball, location: 2F 0-2: Strikes out swinging
|
Batting: RHB Rudolf Gommers
|
0-0: Ball 1-0: Ball 2-0: Ball 3-0: Called Strike 3-1: Base on Balls
|
Batting: LHB Conrad Taylor
|
0-0: Ball 1-0: Called Strike Rudolf Gommers steals 2nd base 1-1: Called Strike 1-2: DOUBLE (Groundball, 5L, EV 101.2 MPH) Rudolf Gommers scores
|
Batting: RHB Jeremy Lewis
|
0-0: Fly out, F4 (Line Drive, 4, EV 75.0 MPH)
|
Batting: RHB Juan Martinez
|
0-0: Called Strike 0-1: Ball 1-1: Ball 2-1: Foul Ball, location: 2F 2-2: Foul Ball, location: 2F 2-2: Strikes out swinging
|
Top of the 4th over - 1 run, 1 hit, 0 errors, 1 left on base; El Paso 4 - Gwinnett 0 |
BOTTOM OF THE 4TH |
Gwinnett Braves batting - Pitching for El Paso Chihuahuas : RHP Jorge Guerrero
|
Batting: LHB Helge Jivotovsky
|
0-0: Called Strike 0-1: Ball 1-1: Fly out, F5 (Popup, 6, EV 66.9 MPH)
|
Batting: LHB Sam Dowdy
|
0-0: Foul Ball, location: 2F 0-1: Foul Ball, location: 2F 0-2: SINGLE (Groundball, 15S, EV 66.9 MPH) (infield hit)
|
Batting: RHB Cole Bittner
|
0-0: Grounds into double play, 4-6-3 (Groundball, 4, EV 102.5 MPH)
|
Bottom of the 4th over - 0 runs, 1 hit, 0 errors, 0 left on base; El Paso 4 - Gwinnett 0 |
TOP OF THE 5TH |
El Paso Chihuahuas batting - Pitching for Gwinnett Braves : RHP Jimmy Tasso
|
Batting: RHB Kyle Davis
|
0-0: Ball 1-0: Ball 2-0: Called Strike 2-1: Ball 3-1: Foul Ball, location: 2F 3-2: Base on Balls
|
Pitching: RHP Bobby Weiser
|
|
Batting: RHB Rodolfo Rivera
|
0-0: Ball 1-0: Ball 2-0: Ball 3-0: Called Strike 3-1: SINGLE (Groundball, 56D, EV 103.1 MPH) (infield hit) Kyle Davis to second
|
Batting: RHB Terry Jarrells
|
0-0: Fielders Choice at 2nd, 6-4 (Groundball, 6, EV 87.5 MPH) Kyle Davis to third
|
Batting: LHB Helmut Steggall
|
0-0: Called Strike 0-1: Ball 1-1: Ball 2-1: Foul Ball, location: 2F 2-2: Strikes out swinging
|
Batting: SHB Steve Killion
|
0-0: Foul Ball, location: 2F 0-1: Foul Ball, location: 2F 0-2: Foul Ball, location: 2F 0-2: Foul Ball, location: 2F 0-2: Ball 1-2: Ball 2-2: Fielders Choice at 2nd, 6-4 (Groundball, 6, EV 101.9 MPH)
|
Top of the 5th over - 0 runs, 1 hit, 0 errors, 2 left on base; El Paso 4 - Gwinnett 0 |
BOTTOM OF THE 5TH |
Gwinnett Braves batting - Pitching for El Paso Chihuahuas : RHP Jorge Guerrero
|
Batting: RHB Jesse Lester
|
0-0: SINGLE (Groundball, 13, EV 81.2 MPH) (infield hit)
|
Batting: RHB Oscar Fausto
|
0-0: Ball 1-0: Foul Ball, location: 2F 1-1: SINGLE (Groundball, 34D, EV 96.9 MPH) Jesse Lester to second Runner from 2nd tries for 3rd, SAFE, throw by RF made to third
|
Batting: RHB Neal Tinoco
|
0-0: Ball 1-0: Called Strike 1-1: Called Strike 1-2: Strikes out swinging
|
Batting: RHB T.J. Jordan
|
0-0: Ball 1-0: Called Strike 1-1: Fly out, F9 (Flyball, 89D, EV 96.9 MPH) Runner from 3rd tags up, SCORES, no throw by RF
|
Batting: SHB Tim Rodgers
|
0-0: Swinging Strike 0-1: Ball 1-1: Foul Ball, location: 2F 1-2: Ball 2-2: Strikes out looking
|
Bottom of the 5th over - 1 run, 2 hits, 0 errors, 1 left on base; El Paso 4 - Gwinnett 1 |
TOP OF THE 6TH |
El Paso Chihuahuas batting - Pitching for Gwinnett Braves : RHP Bobby Weiser
|
Batting: RHB Rudolf Gommers
|
0-0: Called Strike 0-1: Foul Ball, location: 2F 0-2: Ball 1-2: Ball 2-2: Foul Ball, location: 2F 2-2: Ball 3-2: Strikes out swinging
|
Batting: LHB Conrad Taylor
|
0-0: Called Strike 0-1: Ball 1-1: Ball 2-1: Foul Ball, location: 2F 2-2: Strikes out swinging
|
Batting: RHB Jeremy Lewis
|
0-0: Ball 1-0: Ball 2-0: Foul Ball, location: 2F 2-1: Ball 3-1: Base on Balls
|
Batting: RHB Juan Martinez
|
0-0: Ball Jeremy Lewis steals 2nd, throwing error, E2 Jeremy Lewis to third 1-0: 2-RUN HOME RUN (Line Drive, 7LD, EV 96.2 MPH), Distance : 361 ft
|
Batting: RHB Kyle Davis
|
0-0: Called Strike 0-1: Foul Ball, location: 2F 0-2: Ball 1-2: Foul Ball, location: 2F 1-2: Ball 2-2: Strikes out swinging
|
Top of the 6th over - 2 runs, 1 hit, 1 error, 0 left on base; El Paso 6 - Gwinnett 1 |
BOTTOM OF THE 6TH |
Gwinnett Braves batting - Pitching for El Paso Chihuahuas : RHP Jorge Guerrero
|
Batting: RHB Xavier Castellanos
|
0-0: Called Strike 0-1: Ball 1-1: Ball 2-1: DOUBLE (Line Drive, 7D, EV 100.6 MPH)
|
Batting: LHB Helge Jivotovsky
|
0-0: Called Strike 0-1: Ball 1-1: Ball 2-1: SINGLE (Groundball, 3D, EV 103.8 MPH) Xavier Castellanos to third Runner from 3rd tries for Home, SAFE, throw by RF to home
|
Batting: LHB Sam Dowdy
|
0-0: Fielders Choice at 2nd, 1-6 (Groundball, 13, EV 71.9 MPH)
|
Batting: RHB Cole Bittner
|
0-0: Called Strike 0-1: Ball 1-1: Ground out 4-3 (Groundball, 4S, EV 66.9 MPH) Sam Dowdy to second
|
Batting: RHB Jesse Lester
|
0-0: Ground out U3 (Groundball, 34, EV 91.9 MPH)
|
Bottom of the 6th over - 1 run, 2 hits, 0 errors, 1 left on base; El Paso 6 - Gwinnett 2 |
TOP OF THE 7TH |
El Paso Chihuahuas batting - Pitching for Gwinnett Braves : RHP Bobby Weiser
|
Pitching: RHP Kouchiro Yamaguchi
|
|
Batting: RHB Rodolfo Rivera
|
0-0: Ball 1-0: Foul Ball, location: 2F 1-1: SINGLE (Groundball, 6MD, EV 112.5 MPH) (infield hit)
|
Batting: RHB Terry Jarrells
|
0-0: Called Strike 0-1: Called Strike 0-2: Ball Rodolfo Rivera steals 2nd base 1-2: Strikes out swinging
|
Batting: LHB Helmut Steggall
|
0-0: Ball 1-0: Ball 2-0: Foul Ball, location: 2F 2-1: Ball 3-1: Foul Ball, location: 2F 3-2: Base on Balls
|
Batting: SHB Steve Killion
|
0-0: Ball 1-0: Ball Wild Pitch! Rodolfo Rivera to third Helmut Steggall to second 2-0: Called Strike 2-1: Foul Ball, location: 2F 2-2: Foul Ball, location: 2F 2-2: Ball 3-2: Ground out 4-3 (Groundball, 4, EV 85.0 MPH) Rodolfo Rivera scores Helmut Steggall to third
|
Batting: RHB Rudolf Gommers
|
0-0: Ball 1-0: Foul Ball, location: 2F 1-1: Ball 2-1: Called Strike 2-2: Foul Ball, location: 2F 2-2: Strikes out swinging
|
Top of the 7th over - 1 run, 1 hit, 0 errors, 1 left on base; El Paso 7 - Gwinnett 2 |
BOTTOM OF THE 7TH |
Gwinnett Braves batting - Pitching for El Paso Chihuahuas : RHP Jorge Guerrero
|
Batting: RHB Oscar Fausto
|
0-0: Ball 1-0: Ball 2-0: Foul Ball, location: 2F 2-1: Ball 3-1: Foul Ball, location: 2F 3-2: DOUBLE (Line Drive, 78D, EV 108.1 MPH)
|
Batting: RHB Neal Tinoco
|
0-0: Called Strike 0-1: Foul Ball, location: 2F 0-2: Ball 1-2: Foul Ball, location: 2F 1-2: Ball 2-2: SINGLE (Groundball, 56S, EV 69.4 MPH) (infield hit) Oscar Fausto to third
|
Batting: RHB T.J. Jordan
|
0-0: Ball Neal Tinoco steals 2nd base 1-0: Ball 2-0: Called Strike 2-1: Ground out 5-3 (Groundball, 56, EV 85.6 MPH) Oscar Fausto scores
|
Pinch Hitting: RHB Luis Revilla
|
0-0: Ball 1-0: Ball 2-0: Ball 3-0: Called Strike 3-1: Base on Balls
|
Batting: RHB Xavier Castellanos
|
0-0: Ball 1-0: Called Strike 1-1: Fielders Choice at 2nd, 4-6 (Groundball, 34, EV 85.0 MPH) Neal Tinoco to third
|
Batting: LHB Helge Jivotovsky
|
0-0: Foul Ball, location: 2F 0-1: 3-RUN HOME RUN (Flyball, 78XD, EV 101.2 MPH), Distance : 407 ft
|
Pitching: LHP Chris Haugen
|
|
Batting: LHB Sam Dowdy
|
0-0: Ball 1-0: Ball 2-0: Foul Ball, location: 2F 2-1: Foul Ball, location: 2F 2-2: Foul Ball, location: 2F 2-2: Ball 3-2: Base on Balls
|
Pitching: LHP Armando Florez
|
|
Batting: RHB Cole Bittner
|
0-0: Swinging Strike 0-1: Called Strike 0-2: Ball 1-2: Foul Ball, location: 2F 1-2: Ball 2-2: Ball 3-2: Foul Ball, location: 2F 3-2: DOUBLE (Flyball, 8LXD, EV 109.4 MPH) Sam Dowdy to third Sam Dowdy scores
|
Batting: RHB Jesse Lester
|
0-0: Called Strike 0-1: Called Strike 0-2: Ball 1-2: Fly out, F8 (Flyball, 8LM, EV 86.9 MPH)
|
Bottom of the 7th over - 5 runs, 4 hits, 0 errors, 1 left on base; El Paso 7 - Gwinnett 7 |
TOP OF THE 8TH |
El Paso Chihuahuas batting - Pitching for Gwinnett Braves : RHP Kouchiro Yamaguchi
|
Pitching: LHP Kyle Krull
|
|
Now in CF: Edwin Aguilar
|
|
Batting: LHB Conrad Taylor
|
0-0: Ball 1-0: Called Strike 1-1: Ground out 6-3 (Groundball, 4M, EV 83.1 MPH)
|
Pitching: RHP Doug Whitlatch
|
|
Batting: RHB Jeremy Lewis
|
0-0: Called Strike 0-1: SOLO HOME RUN (Flyball, 78XD, EV 103.1 MPH), Distance : 433 ft
|
Batting: RHB Juan Martinez
|
0-0: Foul Ball, location: 2F 0-1: Foul Ball, location: 2F 0-2: Ball 1-2: Strikes out swinging
|
Batting: RHB Kyle Davis
|
0-0: Called Strike 0-1: Foul Ball, location: 2F 0-2: Foul Ball, location: 2F 0-2: Ball 1-2: Strikes out swinging
|
Top of the 8th over - 1 run, 1 hit, 0 errors, 0 left on base; El Paso 8 - Gwinnett 7 |
BOTTOM OF THE 8TH |
Gwinnett Braves batting - Pitching for El Paso Chihuahuas : LHP Armando Florez
|
Batting: RHB Oscar Fausto
|
0-0: Ball 1-0: Ball 2-0: Ball 3-0: Base on Balls
|
Batting: RHB Neal Tinoco
|
0-0: Bunted foul 0-1: Bunt missed! 0-2: Ball 1-2: Strikes out looking
|
Batting: RHB T.J. Jordan
|
0-0: Ground out 5-3 (Groundball, 56, EV 85.6 MPH) Oscar Fausto to second
|
Batting: LHB Edwin Aguilar
|
0-0: Ground out U3 (Groundball, 34S, EV 83.1 MPH)
|
Bottom of the 8th over - 0 runs, 0 hits, 0 errors, 1 left on base; El Paso 8 - Gwinnett 7 |
TOP OF THE 9TH |
El Paso Chihuahuas batting - Pitching for Gwinnett Braves : RHP Doug Whitlatch
|
Batting: RHB Rodolfo Rivera
|
0-0: Ball 1-0: Called Strike 1-1: Ball 2-1: Swinging Strike 2-2: Strikes out swinging
|
Batting: RHB Terry Jarrells
|
0-0: Called Strike 0-1: Ball 1-1: Ball 2-1: Called Strike 2-2: Fly out, F6 (Popup, P, EV 76.2 MPH)
|
Batting: LHB Helmut Steggall
|
0-0: Ball 1-0: Called Strike 1-1: Ball 2-1: Foul Ball, location: 2F 2-2: Ball 3-2: Base on Balls
|
Batting: SHB Steve Killion
|
0-0: Called Strike 0-1: Called Strike 0-2: Ball 1-2: Foul Ball, location: 2F 1-2: Reached on error, E4 (Groundball, 4, EV 84.4 MPH) Helmut Steggall to second
|
Batting: RHB Rudolf Gommers
|
0-0: Ball 1-0: Ball 2-0: Called Strike 2-1: Foul Ball, location: 2F 2-2: SINGLE (Line Drive, 4D, EV 97.5 MPH) Helmut Steggall to third Steve Killion to second Runner from 3rd tries for Home, SAFE, throw by RF to home
|
Pitching: LHP Danny Frizzell
|
|
Batting: LHB Conrad Taylor
|
0-0: Ball 1-0: Swinging Strike 1-1: DOUBLE (Flyball, 8RXD, EV 97.5 MPH) Steve Killion scores Rudolf Gommers to third
|
Batting: RHB Jeremy Lewis
|
0-0: Ball 1-0: Foul Ball, location: 2F 1-1: Foul Ball, location: 2F 1-2: Ground out 4-3 (Groundball, 4M, EV 100.0 MPH)
|
Top of the 9th over - 2 runs, 2 hits, 1 error, 2 left on base; El Paso 10 - Gwinnett 7 |
BOTTOM OF THE 9TH |
Gwinnett Braves batting - Pitching for El Paso Chihuahuas : LHP Armando Florez
|
Pitching: RHP Tom Ackerman
|
|
Batting: RHB Xavier Castellanos
|
0-0: Ball 1-0: Ball 2-0: Called Strike 2-1: Foul Ball, location: 2F 2-2: Ground out U3 (Groundball, 34S, EV 82.5 MPH)
|
Batting: LHB Helge Jivotovsky
|
0-0: Ball 1-0: Ball 2-0: Called Strike 2-1: Ground out 6-3 (Groundball, 4, EV 105.0 MPH)
|
Batting: LHB Sam Dowdy
|
0-0: Foul Ball, location: 2F 0-1: Ball 1-1: Foul Ball, location: 2F 1-2: Ball 2-2: Foul Ball, location: 2F 2-2: Foul Ball, location: 2F 2-2: Foul Ball, location: 2F 2-2: Foul Ball, location: 2F 2-2: Strikes out swinging
|
Bottom of the 9th over - 0 runs, 0 hits, 0 errors, 0 left on base; El Paso 10 - Gwinnett 7 |
|